 Dungeon Crawl Stone Soup version 0.17-a0-186-g8d083fd (webtiles) character file.

20 squibie the Changer (level 2, -1/20 HPs)
             Began as a Demigod Wanderer on Mar 27, 2015.
             Slain by a jackal (2 damage)
             ... on level 2 of the Dungeon.
             The game lasted 00:04:35 (669 turns).

squibie the Changer (Demigod Wanderer)               Turns: 669, Time: 00:04:35

Health: -1/20      AC:  2    Str: 15    XL:     2   Next: 42%
Magic:  2/4        EV: 11    Int: 16    God:
Gold:   7          SH:  0    Dex: 15    Spells: 2 memorised, 1 level left

rFire  . . .     SeeInvis .     l - +0 short sword
rCold  . . .     Clarity  .     e - +0 robe
rNeg   . . .     SustAb   +     (no shield)
rPois  .         Gourm    .     (no helmet)
rElec  .         Spirit   .     (no cloak)
rCorr  .         Warding  .     (no gloves)
rMut   .         Stasis   .     (no boots)
MR     .....                    (no amulet)
Stlth  +.........               (no ring)
                                (no ring)

@: not resistant to hostile enchantments, very unstealthy
A: sustain abilities
a: no special abilities


You were on level 2 of the Dungeon.
You were not hungry.

You visited 1 branch of the dungeon, and saw 2 of its levels.

You collected 7 gold pieces.

Inventory:

Hand weapons
 d - a +0 blowgun
 l - a +0 short sword (weapon)
Missiles
 c - 9 poisoned needles
Armour
 e - a +0 robe (worn)
Scrolls
 g - 2 scrolls of identify {unknown}
 i - a scroll of teleportation {unknown}
 j - a scroll of recharging {unknown}
 m - a scroll of magic mapping {unknown}
 n - a scroll of blinking {unknown}
Books
 a - a book of Callings

   Spells                             Type                      Level
   a - Summon Small Mammal            Summoning                    1
   b - Call Imp                       Summoning                    2
   c - Call Canine Familiar           Summoning                    3
   d - Summon Guardian Golem          Hexes/Summoning              3
   e - Summon Lightning Spire         Summoning/Air                4
   f - Summon Ice Beast               Ice/Summoning                4
 b - Sif Muna's Almanac of the Frostbite

   Spells                             Type                      Level
   a - Freeze                         Ice                          1
   b - Ensorcelled Hibernation        Hexes/Ice                    2
Comestibles
 f - a bread ration
 h - a beef jerky
 o - a meat ration


   Skills:
 - Level 1.7 Throwing
 - Level 1.7 Spellcasting
 - Level 2.6 Summonings
   Level 2.6 Transmutations
 + Level 2.1 Ice Magic


You had one spell level left.
You knew the following spells:

 Your Spells              Type           Power        Failure   Level  Hunger
a - Freeze                Ice            #...         10%         1    ##.....
b - Call Imp              Summ           ##......     12%         2    ###....


Dungeon Overview and Level Annotations

Branches:
Dungeon (2/15)


Innate Abilities, Weirdness & Mutations

Your attributes are resistant to harm.


Message History

Casting: Call Imp
Confirm with . or Enter, or press ? or * to list all spells.
A beastly little devil appears in a puff of flame.
The jackal barely misses you.
The jackal bites you but does no damage.
Something closely misses your crimson imp.
Casting: Call Imp
Confirm with . or Enter, or press ? or * to list all spells.
You don't have enough magic to cast that spell.
Your crimson imp hits the giant gecko.
Firing (i - inventory): No suitable missiles.
Press: ? - help, Shift-Dir - straight line, f - jackal
Aim: a jackal
Okay, then.
You completely miss the jackal. The jackal bites you.
* * * LOW HITPOINT WARNING * * *
The crimson imp blinks!
The jackal closely misses you.
Your crimson imp hits the giant gecko but does no damage.
The jackal bites you.
You die...

.. #.....).....# #.#
#######.....#
##.########...#.....#
####..........###.#..###
...$..).###...####<..#####
#.......##..5.............
.###........††....##5##.####
...........###†.###.## .#
.........(..(...@h.## .#
.........####...#### #
.......### #...# .......
#...# ....... #...# .......
#.<.# ...... #...# #.##.
..... . .. ....


You could see a crimson imp and a jackal.

Vanquished Creatures
  2 giant cockroaches (D:1)
  A goblin (D:1)
  5 hobgoblins
  3 bats
  3 giant newts (D:1)
  A jackal (D:2)
  A kobold (D:1)
  5 rats
21 creatures vanquished.

Notes
Turn   | Place    | Note
--------------------------------------------------------------
     0 | D:1      | squibie, the Demigod Wanderer, began the quest for the Orb.
     0 | D:1      | squibie set off with: a book of Callings, Sif Muna's Almanac of the Frostbite, 11 poisoned needles, a +0 blowgun, a +0 robe, a bread ration
     0 | D:1      | Reached XP level 1. HP: 14/14 MP: 3/3
     0 | D:1      | Identified Sif Muna's Almanac of the Frostbite
     3 | D:1      | Learned a level 1 spell: Freeze
   226 | D:1      | Reached skill level 1 in Ice Magic
   356 | D:1      | Reached XP level 2. HP: 7/20 MP: 4/4
   635 | D:2      | Learned a level 2 spell: Call Imp
   656 | D:2      | HP: 1/20 [giant gecko (2)]
   667 | D:2      | HP: 1/20 [jackal (1)]
   669 | D:2      | Slain by a jackal

Action                   || total
-------------------------++-------
Melee: Short sword       ||    33
 Fire: Blowgun           ||     9
Throw: Throwing net      ||     2
 Cast: Freeze            ||     8
       Call Imp          ||     2
  Use: Potion            ||     1
 Stab: Sleeping          ||     3
